 Dungeon Crawl Stone Soup version 0.25-a0-578-gc91f01c39c (webtiles) character file.

Game seed: 6283729272230812583, levelgen mode: deterministic

544 wullow the Stinger (level 7, -3/50 HPs)
             Began as a Demonspawn Venom Mage on Mar 6, 2020.
             Shot with an arrow by a centaur (8 damage)
             ... on level 5 of the Dungeon.
             The game lasted 00:14:39 (4696 turns).

wullow the Stinger (Demonspawn Venom Mage)          Turns: 4696, Time: 00:14:39

Health: -3/50      AC:  3    Str: 10      XL:     7   Next: 6%
Magic:  5/11       EV: 12    Int: 16 (17) God:
Gold:   293        SH:  0    Dex: 12 (13) Spells: 6/12 levels left

rFire    . . .     SeeInvis +   x - +0 rapier
rCold    + . .     Gourm    .   (no shield)
rNeg     . . .     Faith    .   a - +0 robe
rPois    +         Spirit   .   (no helmet)
rElec    .         Reflect  .   (no cloak)
rCorr    .         Harm     .   k - +0 pair of gloves (curse)
MR       .....                  (no boots)
Stlth    ++........             w - amulet of magic regeneration
HPRegen  0.16/turn              l - ring of see invisible
MPRegen  0.37/turn              F - ring of poison resistance

@: very slightly contaminated
A: claws 1, cold resistance 1, powered by death 1
a: no special abilities


You were on level 5 of the Dungeon.
You were not hungry.

You visited 1 branch of the dungeon, and saw 5 of its levels.
You also visited: Ossuary.

You collected 293 gold pieces.

Inventory:

Hand Weapons
 e - a +0 dagger
 f - a +0 hunting sling
 x - a +0 rapier (weapon)
Missiles
 b - 5 curare-tipped darts (quivered)
 d - 204 stones
 p - 9 poisoned darts
 r - 74 arrows
 B - 76 sling bullets
Armour
 a - a +0 robe (worn)
 k - a cursed +0 pair of gloves (worn)
Jewellery
 l - a ring of see invisible (left hand)
 v - an uncursed ring of positive energy
 w - an amulet of magic regeneration (around neck)
 F - a ring of poison resistance (right hand)
Wands
 y - a wand of polymorph (11)
 I - a wand of flame (24)
Scrolls
 h - a scroll of immolation {unknown}
 i - 4 scrolls of teleportation {unknown}
 m - 2 scrolls of fog {unknown}
 n - a scroll of blinking {unknown}
 u - 2 scrolls of remove curse {unknown}
 z - a scroll of enchant armour {unknown}
 C - 6 scrolls of identify {unknown}
 E - a scroll of random uselessness {unknown}
Potions
 g - 2 potions of lignification {unknown}
 j - a potion of degeneration
 o - a potion of cancellation {unknown}
 q - a potion of curing {unknown}
 s - 2 potions of heal wounds
 t - 2 potions of berserk rage {unknown}
 A - a potion of stabbing {unknown}
 D - a potion of flight {unknown}
 G - a potion of magic {unknown}
 H - a potion of might {unknown}
Comestibles
 c - 9 rations
 J - 4 chunks of flesh


   Skills:
 + Level 2.0 Fighting
 + Level 1.1 Short Blades
 + Level 2.4 Dodging
 + Level 2.7 Stealth
 + Level 3.2 Spellcasting
 * Level 2.4 Conjurations
 - Level 3.1 Transmutations
 * Level 2.4 Air Magic
 * Level 3.3 Poison Magic


You had 6 spell levels left.
You knew the following spells:

 Your Spells              Type           Power        Failure   Level  Hunger
a - Sting                 Tmut/Pois      ##..         4%          1    None
b - Poisonous Vapours     Pois/Air       ##....       9%          2    ##.....
c - Mephitic Cloud        Conj/Pois/Air  ##......     19%         3    ###....

Your spell library contained the following spells:

 Spells                   Type           Power        Failure   Level  Hunger
 Ignite Poison            Fire/Tmut/Pois #.......     22%         3    ###....
 Olgreb's Toxic Radiance  Pois           ##......     43%         4    ####...


Dungeon Overview and Level Annotations

Branches:
Dungeon (5/15)            Ossuary (visited)
 Temple: D:4-7

Altars:
Gozag


Innate Abilities, Weirdness & Mutations

You have sharp fingernails.
Your flesh is cold resistant. (rC+)
You regenerate a little health from kills.


Message History

The centaur is engulfed in poison gas.
The centaur looks even sicker.
The centaur barely misses you.
Casting: Poisonous Vapours (safe; 9% risk of failure)
Confirm with . or Enter, or press ? or * to list all spells.
Aiming: Poisonous Vapours (safe; 9% risk of failure)
Press: ? - help, Dir - move target cursor, f/p - centaur
Aim: a centaur, quivering 15 arrows (heavily wounded, very poisoned) Poisonous vapours surround the centaur!
The killer bee zombie hits you.
* * * LOW HITPOINT WARNING * * *
The centaur is engulfed in poison gas.
The centaur looks even sicker.
The centaur hits you.
* * * LOW HITPOINT WARNING * * *
The killer bee zombie hits you.
* * * LOW HITPOINT WARNING * * *
Unknown command.
The centaur hits you.
* * * LOW HITPOINT WARNING * * *
The centaur wields a +0 shortbow.
The centaur shoots an arrow.
The arrow hits you!
You die...

#.#.#.### #.# #.#....
... #.#.### #.# #.#.#
#.# #.#.#####.# #.#
..........# #.#
..#.###########.#
###...รท.........####
# ##############@..#
..# #.#c##.....
...#Z.......
#..............
#..............
#............!.
#..............
#..............
###.#######....


You could see a centaur.

Vanquished Creatures
  Eustachio (D:5)
  An ogre (D:5)
  2 orc wizards
  A hound (D:4)
  2 mummies
  An iguana (D:4)
  A worker ant (D:4)
  3 gnolls (D:4)
  3 adders
  An adder skeleton (D:3)
  3 worms
  A dart slug (D:1)
  A leopard gecko (D:1)
  8 orcs
  2 ball pythons (D:1)
  4 giant cockroaches
  5 goblins
  5 hobgoblins
  3 jackals (D:4)
  11 kobolds
  2 quokkas
  7 bats
  4 frilled lizards
  9 rats
81 creatures vanquished.

Vanquished Creatures (others)
  A fungus (D:2)
  4 toadstools (D:2)
  A withered plant (Ossuary)
6 creatures vanquished.

Grand Total: 87 creatures vanquished

Notes
Turn   | Place    | Note
-------+----------+-------------------------------------------
     0 | D:1      | wullow the Demonspawn Venom Mage began the quest for the
                  | Orb.
     0 | D:1      | Reached XP level 1. HP: 13/13 MP: 3/3
    84 | D:1      | Reached skill level 1 in Transmutations
   237 | D:1      | Gained mutation: Your flesh is cold resistant. (rC+)
                  | [demonic ancestry]
   237 | D:1      | Reached XP level 2. HP: 20/20 MP: 1/5
   333 | D:1      | Learned a level 2 spell: Poisonous Vapours
  1405 | D:2      | Gained mutation: You regenerate a little health from kills.
                  | [demonic ancestry]
  1405 | D:2      | Reached XP level 3. HP: 25/25 MP: 0/6
  1852 | D:2      | Reached skill level 1 in Air Magic
  2303 | D:3      | Learned a level 3 spell: Mephitic Cloud
  2438 | D:3      | Reached skill level 1 in Fighting
  2717 | D:3      | Reached XP level 4. HP: 32/32 MP: 2/7
  3156 | D:3      | Reached skill level 1 in Conjurations
  3351 | D:4      | Reached XP level 5. HP: 31/37 MP: 5/9
  3712 | D:4      | Found a sand-covered staircase.
  3716 | Ossuary  | Entered an ossuary
  4088 | D:4      | Gained mutation: You have sharp fingernails. [demonic
                  | ancestry]
  4088 | D:4      | Reached XP level 6. HP: 41/43 MP: 7/10
  4549 | D:5      | Entered Level 5 of the Dungeon
  4554 | D:5      | Reached skill level 1 in Short Blades
  4583 | D:5      | Noticed Eustachio
  4589 | D:5      | Killed Eustachio
  4589 | D:5      | Reached XP level 7. HP: 50/50 MP: 2/11
  4625 | D:5      | Found an opulent altar of Gozag.
  4696 | D:5      | Shot with an arrow by a centaur

Levels and vault maps discovered:
D:1:      dpeg_arrival_rooms_with_view, layout_basic, serial_bayou,
          serial_bayou_pond_a, serial_bayou_crossing, serial_bayou_lake_a,
          serial_bayou_pond_e, serial_bayou_ford_a,
          chequers_serial_rivers_micro_d
D:2:      layout_loops_ring, kennysheep_pointless_box, minmay_gold_behind_fungi
D:3:      layout_basic, first_ration, corner_web_ring
D:4:      layout_loops_corners, nicolae_ossuary_entry_plus
D:5:      layout_basic, grunt_gozag_breadcrumbs, uniq_eustachio

Skill      XL: |  1  2  3  4  5  6 |
---------------+-------------------+-----
Transmutations | 1 2 3 |  3.1
Stealth        | 2 |  2.7
Dodging        | 2 |  2.4
Air Magic      | 1 2 |  2.4
Fighting       | 1 2 |  2.0
Conjurations   | 1 2 |  2.4
Spellcasting   | 3 |  3.2
Short Blades   | 1 |  1.1
Poison Magic   | |  3.3

Action                   |  1- 3 |  4- 6 |  7- 9 || total
-------------------------+-------+-------+-------++-------
Melee: Dagger            |     8 |       |       ||     8
       Rapier            |     5 |    44 |    17 ||    66
 Fire: Hunting sling     |    75 |    40 |       ||   115
 Cast: Sting             |    43 |    13 |       ||    56
       Poisonous Vapours |     4 |    42 |     3 ||    49
       Mephitic Cloud    |       |     1 |       ||     1
  Use: Potion            |       |     2 |       ||     2
 Stab: Sleeping          |     1 |       |       ||     1
  Eat: Chunk             |     6 |     9 |       ||    15
Armor: Robe              |    19 |    20 |     3 ||    42
Dodge: Dodged            |    28 |    52 |    19 ||    99

Table legend:
 A = Non-vault XP
 B = Vault XP
 C = Vault XP percentage of total XP
 D = Non-vault monster count
 E = Vault monster count
 F = Vault count percentage of total count
                 A         B        C        D         E       F
            +---------+---------+-------+---------+---------+-------
      Total |     520 |     258 |  33.2 |      76 |       5 |   6.2
            +---------+---------+-------+---------+---------+-------
        D:1 |      30 |       4 |  11.8 |      17 |       2 |  10.5
        D:2 |      41 |       0 |   0.0 |      18 |       0 |   0.0
        D:3 |     102 |       0 |   0.0 |      21 |       0 |   0.0
        D:4 |     229 |      18 |   7.3 |      18 |       1 |   5.3
        D:5 |     118 |     197 |  62.5 |       2 |       1 |  33.3
    Ossuary |       0 |      39 | 100.0 |       0 |       1 | 100.0
            +---------+---------+-------+---------+---------+-------
